 Dungeon Crawl Stone Soup version 0.28.0-53-g5a82cb258f (webtiles) character file.

Game seed: 9891563437764945598

3 Descartes the Scratcher (level 1, -1/11 HPs)
             Began as a Felid Wanderer on July 24, 2022.
             Slain by a rat (2 damage)
             ... on level 1 of the Dungeon.
             The game lasted 00:00:17 (276 turns).

Descartes the Scratcher (Felid Wanderer)             Turns: 276, Time: 00:00:17

Health: -1/11      AC:  1    Str: 11    XL:     1   Next: 41%
Magic:  2/2        EV: 16    Int: 10    God:
Gold:   0          SH:  0    Dex: 15    Spells: 0/0 levels left
                                        Lives:  0   Deaths: 0

rFire   . . .      SeeInvis +     - Unarmed
rCold   . . .      Faith    .   (shield unavailable)
rNeg    . . .      Spirit   .   (armour unavailable)
rPois   .          Reflect  .   (helmet unavailable)
rElec   .          Harm     .   (cloak unavailable)
rCorr   .          Rampage  .   (gloves unavailable)
Will    .....                   (boots unavailable)
Stlth   ++........              (no amulet)
HPRegen 0.03/turn               (no ring)
MPRegen 0.08/turn               (no ring)

@: quick
A: very small, claws 1, fangs 3, see invisible, speed 1, shaggy fur 1, stealthy
paws, no weapons or thrown items, no armour, multi-lived
a: no special abilities


You were on level 1 of the Dungeon.
You visited 1 branch of the dungeon, and saw 1 of its levels.

Inventory:

Scrolls
 a - 2 scrolls of blinking
 b - a scroll of teleportation
 d - a scroll of identify {unknown}
 f - a scroll of summoning {unknown}
Potions
 c - a potion of attraction
 e - a potion of berserk rage {unknown}


   Skills:
 - Level 4.0 Fighting
 + Level 0.8 Dodging
 - Level 1.3 Stealth
 + Level 4.1 Unarmed Combat
 - Level 1.1 Evocations


You couldn't memorise any spells.
You didn't know any spells.
Your spell library was empty.

Dungeon Overview and Level Annotations

Branches:
Dungeon (1/15)

Altars:


Innate Abilities, Weirdness & Mutations

You have sharp claws.
You have razor-sharp teeth.
You have supernaturally acute eyesight. (SInv)
You cover ground quickly. (Speed+)
You are covered in fur. (AC +1)
Your paws help you pounce on unaware monsters.
You are incapable of wielding weapons or throwing items.
You cannot wear armour.
You gain extra lives every three experience levels.


Message History

The bat closely misses you.
Found 3 javelins.
The bat hits you but does no damage. The jackal bites you.
You scratch the bat.
You kill the bat!
The jackal bites you.
You are too injured to fight recklessly!
You are too injured to fight recklessly!
You are too injured to fight recklessly!
You are too injured to fight recklessly!
You are too injured to fight recklessly!
You are too injured to fight recklessly!
You are too injured to fight recklessly!
You are too injured to fight recklessly!
You are too injured to fight recklessly!
You are too injured to fight recklessly!
You are too injured to fight recklessly!
You are too injured to fight recklessly!
You are too injured to fight recklessly!
You are too injured to fight recklessly!
You are too injured to fight recklessly!
You are too injured to fight recklessly!
There are monsters nearby!
Unknown command.
You scratch the jackal but do no damage.
The jackal bites you.
* * * LOW HITPOINT WARNING * * *
A jackal comes into view.
The jackal misses you.
The jackal barks!
You scratch the jackal. You bite the jackal, but do no damage.
The jackal is almost dead.
The jackal bites you.
* * * LOW HITPOINT WARNING * * *
You closely miss the jackal.
The jackal is almost dead.
The jackal closely misses you.
You scratch the jackal but do no damage.
The jackal is almost dead.
The jackal completely misses you. The rat bites you.
You die...

# # .. $#.# #......#
####.h... #......###.......(
#......##.rh#.....
#......##.@.......
#......##..†#.....
#......##...# ...
#......##...# #
######...........#
#...........#.#..#
#.....####.##....#
#.....####.#####.#♣♣♣♣♣♣♣♣♣♣
#................♣<.#♣.....♣♣


You could see 2 jackals and a rat.

Vanquished Creatures
  A bat (D:1)
  A giant cockroach (D:1)
  A rat (D:1)
3 creatures vanquished.

Notes
Turn   | Place    | Note
-------+----------+-------------------------------------------
     0 | D:1      | Descartes the Felid Wanderer began the quest for the Orb.
     0 | D:1      | Descartes set off with the following items: 2 scrolls of
                  | blinking, a scroll of teleportation, a potion of attraction
     0 | D:1      | Reached XP level 1. HP: 11/11 MP: 2/2
   276 | D:1      | Slain by a rat

Illustrated notes

Levels and vault maps discovered:
D:1:      amcnicky_arrival_underground_garden, layout_basic

Action                   || total
-------------------------++-------
Melee: Unarmed           ||    13
       Bite              ||     3
Armor: Skin              ||     1
Dodge: Dodged            ||     7
